 Dungeon Crawl Stone Soup version 0.31.0-32-g396128a36d (webtiles) character file.

Game seed: 3064982958082460531

93 KittyFluff the Ruffian (level 4, -7/42 HPs)
             Began as a Troll Shapeshifter on Apr 11, 2024.
             Killed by divine providence
             ... invoked by an orc priest
              (12 damage)
             ... on level 3 of the Dungeon.
             The game lasted 00:07:43 (1791 turns).

KittyFluff the Ruffian (Troll Shapeshifter)         Turns: 1791, Time: 00:07:44

Health: -7/42      AC:  4    Str: 24    XL:     4   Next: 37%
Magic:  3/3        EV: 10    Int:  6    God:
Gold:   224        SH:  0    Dex:  9    Spells: 3/3 levels left

rFire   + .          .
                       - Unarmed
rCold   . . .        (no shield)
rNeg    . . .        r - +0 robe
rPois   .            (helmet currently unavailable)
rElec   .            (cloak currently unavailable)
rCorr   .            (gloves unavailable)
SInv    .            (boots unavailable)
Will    .....        (no amulet)
Stlth   +            a - ring of protection from fire
HPRegen 1.07/turn    (no ring)
MPRegen 0.08/turn

%: no passive effects
@: beast-form
A: beast (slay +2), large, unfitting armour, claws 3, regeneration 1, shaggy fur
1, tough skin 1
a: Begin Untransformation


You were on level 3 of the Dungeon.
You were a hulking beast.
You visited 1 branch of the dungeon, and saw 3 of its levels.

You collected 224 gold pieces.

Inventory:

Hand Weapons
 n - a +0 sling
 o - a +0 spear
 t - a +2 flail of protection
 v - a +2 dagger of venom
Missiles
 s - 22 stones (quivered)
Armour
 l - a +0 cloak
 r - a +0 robe (worn)
Jewellery
 a - a ring of protection from fire (left claw)
Talismans
 c - a beast talisman
 d - a flux talisman
Scrolls
 g - a scroll of vulnerability {unknown}
 i - 2 scrolls of noise {unknown}
 j - a scroll of revelation {unknown}
 k - 2 scrolls of blinking {unknown}
 p - a scroll of enchant weapon {unknown}
 q - a scroll of fog
 u - a scroll of brand weapon {unknown}
 w - a scroll of teleportation {unknown}
 x - a scroll of identify {unknown}
 y - a scroll of enchant armour {unknown}
Potions
 b - a potion of lignification
 e - a potion of heal wounds {unknown}
 f - 2 potions of degeneration {unknown}
 h - a potion of invisibility {unknown}
 m - a potion of might {unknown}


   Skills:
 + Level 1.7 Fighting
 + Level 2.3 Dodging
 + Level 3.6 Unarmed Combat
 + Level 3.5 Shapeshifting


You had 3 spell levels left.
You didn't know any spells.
Your spell library contained the following spells:

 Spells                   Type           Power      Damage    Failure   Level
 Hailstorm                Conj/Ice       0%         3d5       83%         3
 Summon Ice Beast         Ice/Summ       0%         N/A       83%         3
 Sculpt Simulacrum        Ice/Alch       0%         N/A       100%        6


Dungeon Overview and Level Annotations

Branches:
Dungeon (3/15)

Altars:

Shops:
D:1 [   D:3 (


Innate Abilities, Weirdness & Mutations

You are a hulking beast.
Your limbs bulge with bestial killing power. (Slay +2)
You are too large for most types of armour.
You have claws for hands.
Your natural rate of healing is unusually fast.
You are covered in fur. (AC +1)
You have tough skin. (AC +1)


Message History

The orc priest shouts!
The orc priest moves out of view.
An orc comes into view. It is wielding a +0 club.
The orc moves out of view.
An orc priest comes into view. It is wielding a +0 flail.
You see here a scroll labelled ZIMUHOYDGHA.
y - a scroll labelled ZIMUHOYDGHA The orc shouts!
A hobgoblin comes into view.
The orc priest mumbles some strange prayers to Beogh against you.
Beogh smites you!
There is an entrance to Ygarurph's Weapon Emporium here.
The orc priest looks satisfied for a moment.
The orc priest mumbles some strange prayers to Beogh against you.
Beogh smites you!
There is an entrance to Ygarurph's Weapon Emporium here.
You scratch the orc.
The orc is severely wounded.
The orc hits you with a +0 club.
The orc priest calls down the wrath of Beogh upon you.
Beogh smites you!
* * * LOW HITPOINT WARNING * * *
You claw the orc!
You kill the orc!
You scratch the hobgoblin.
You kill the hobgoblin!
As you read the scroll labelled PORGHAI ZESCHOAR, it dissolves into smoke.
It was a scroll of fog.
The orc priest mumbles some strange prayers to Beogh against you.
Pain shoots through your body!
* * * LOW HITPOINT WARNING * * *
You closely miss the orc priest. You scratch the orc priest.
The orc priest is lightly wounded.
The orc priest barely misses you.
You barely miss the orc priest.
The orc priest is lightly wounded.
The orc priest mumbles some strange prayers to Beogh against you.
Beogh smites you!
You die...

### #[. # ### ### #.# #.
#.. ..# #.# #.###.. . #.#
#.# #...... .. #§# #.#
#...) # ..### #§# #.#
#.... #.. ... #h#
#)########.#..
#o..##.##o###.#...........
........§#o.........[.....
#.###..............##.##.
##############.##.##.
#....... #..#.### #..#.#
#..#.#


You could see 2 orc priests.

Vanquished Creatures
  Terence (D:3)
  3 adders (D:2)
  2 orcs (D:3)
  2 endoplasms (D:2)
  2 giant cockroaches
  4 hobgoblins
  4 jackals (D:2)
  A quokka (D:1)
  A ball python (D:2)
  A bat (D:1)
  6 goblins
  5 kobolds
  3 rats
35 creatures vanquished.

Notes
Turn   | Place    | Note
-------+----------+-------------------------------------------
     0 | D:1      | KittyFluff the Troll Shapeshifter began the quest for the
                  | Orb.
     0 | D:1      | Reached XP level 1. HP: 18/18 MP: 0/0
   158 | D:1      | Found Uvven's Armour Shop.
   287 | D:1      | Reached skill level 1 in Fighting
   383 | D:1      | Reached XP level 2. HP: 27/27 MP: 1/1
   413 | D:1      | Found a faded altar of an unknown god.
   762 | D:2      | Reached XP level 3. HP: 33/33 MP: 2/2
  1559 | D:3      | Noticed Terence
  1575 | D:3      | Killed Terence
  1576 | D:3      | Reached XP level 4. HP: 5/42 MP: 3/3
  1772 | D:3      | Found Ygarurph's Weapon Emporium.
  1788 | D:3      | HP: 2/42 [orc priest/nerve-wracking pain (5)]
  1791 | D:3      | Killed from afar by an orc priest

Illustrated notes

Levels and vault maps discovered:
D:1:      nzn_arrival_depleted_hourglass, layout_basic, serial_shops,
          nicolae_shop_advertising_works [nicolae_subvault_shop_adworks],
          ebering_ecumenical_altar_rust
D:2:      layout_basic, chequers_serial_rivers_micro_e
D:3:      minmay_angry_zag, layout_loops_ring, mainiacjoe_overflow_alcove_4,
          grunt_gozag_breadcrumbs, serial_shops, shop,
          chequers_serial_rivers_micro_d, uniq_terence, uniq_sigmund

Skill      XL: |  1  2 |
---------------+-------+-----
Fighting       | 1 |  1.7
Dodging        | 2 |  2.3
Unarmed Combat | |  3.6
Shapeshifting  | |  3.5

Action                     |  1- 3 |  4- 6 || total
---------------------------+-------+-------++-------
  Melee: Unarmed           |    90 |     9 ||    99
         Punch             |     1 |       ||     1
    Use: Scroll            |       |     1 ||     1
 Armour: Animal skin       |     8 |       ||     8
         Robe              |    38 |     2 ||    40
  Dodge: Dodged            |    41 |     2 ||    43
